 Dungeon Crawl Stone Soup version 0.29-a0-1014-ga8c0faee3b (webtiles) character file.

Game seed: 13522624748221066111

622 Asher535 the Chopper (level 7, -3/62 HPs)
             Began as a Hill Orc Fighter on Aug 9, 2022.
             Slain by a gnoll
             ... wielding a +0 halberd
             ... led by a gnoll bouda
              (9 damage)
             ... on level 3 of the Dungeon.
             The game lasted 00:04:41 (3287 turns).

Asher535 the Chopper (Hill Orc Fighter)             Turns: 3287, Time: 00:04:42

Health: -3/62      AC:  8    Str: 21    XL:     7   Next: 46%
Magic:  7/7        EV:  9    Int:  8    God:
Gold:   161        SH:  5    Dex: 10    Spells: 6/6 levels left

rFire   . . .      SeeInvis .   a - +0 war axe
rCold   . . .      Faith    .   c - +0 buckler
rNeg    . . .      Spirit   .   b - +0 scale mail
rPois   .          Reflect  .   (no helmet)
rElec   .          Harm     .   (no cloak)
rCorr   .          Rampage  .   e - +0 pair of gloves
Will    .....                   (no boots)
Stlth   ..........              (no amulet)
HPRegen 0.20/turn               (no ring)
MPRegen 0.10/turn               (no ring)

@: mighty
A: no striking features
a: no special abilities


You were on level 3 of the Dungeon.
You visited 1 branch of the dungeon, and saw 3 of its levels.

You collected 161 gold pieces.

Inventory:

Hand Weapons
 a - a +0 war axe (weapon)
 p - a +0 vorpal spear
Armour
 b - a +0 scale mail (worn)
 c - a +0 buckler (worn)
 e - a +0 pair of gloves (worn)
Scrolls
 f - a scroll of magic mapping {unknown}
 g - 5 scrolls of identify {unknown}
 k - 3 scrolls of teleportation {unknown}
 l - a scroll of poison {unknown}
 m - a scroll of fear {unknown}
 n - a scroll of amnesia {unknown}
 s - 2 scrolls of blinking {unknown}
 t - a scroll of enchant weapon {unknown}
 v - a scroll of noise {unknown}
Potions
 d - a potion of heal wounds {unknown}
 h - a potion of curing {unknown}
 i - a potion of attraction {unknown}
 j - a potion of might
 o - a potion of flight {unknown}
 q - a potion of invisibility {unknown}
 r - a potion of brilliance {unknown}
 u - a potion of haste {unknown}


   Skills:
 + Level 5.6 Fighting
 * Level 6.4 Axes
 + Level 5.2 Armour
 + Level 5.2 Shields


You had 6 spell levels left.
You didn't know any spells.
Your spell library was empty.

Dungeon Overview and Level Annotations

Branches:
Dungeon (3/15)

Altars:

Shops:
D:2 (


Message History

You are too injured to fight recklessly!
You are too injured to fight recklessly!
You feel very mighty all of a sudden. You block the gnoll's attack.
The gnoll hits you from afar with a +0 spear.
The gnoll bouda hits you but does no damage.
You slice the gnoll bouda!!
You kill the gnoll bouda!
The gnoll hits you but does no damage. The gnoll misses you.
The gnoll hits you from afar with a +0 spear. x2
The gnoll barely misses you. You block the gnoll's attack.
The gnoll hits you from afar with a +0 spear.
The gnoll hits you but does no damage.
Things that are here:
a +0 whip; a +0 leather armour; a gnoll corpse You slash the gnoll!
You kill the gnoll!
You closely miss the gnoll.
The gnoll hits you from afar with a +0 halberd!
* * * LOW HITPOINT WARNING * * *
The gnoll closely misses you.
You barely miss the gnoll.
The gnoll hits you from afar with a +0 halberd.
* * * LOW HITPOINT WARNING * * *
The gnoll closely misses you.
You slash the gnoll!
You kill the gnoll!
The gnoll is no longer moving quickly.
The gnoll barely misses you. You block the gnoll's attack.
You block the gnoll's attack.
Things that are here:
a +0 spear; a gnoll corpse The gnoll barely misses you. x2
Things that are here:
a +0 whip; a +0 leather armour; a gnoll corpse You barely miss the gnoll.
You slash the gnoll! The gnoll hits you with a +0 spear.
* * * LOW HITPOINT WARNING * * *
The gnoll hits you with a +0 halberd!
You die...

#.# ##'## .
##...## .
##.....## ##.##
#.......## ##.#.#
.........####....#
.........+.......#
.........# #..gg#
#.......## #@#
##.....## #)##
##...##### #..#
#.......# ##.#
#..####.# #.# #..#
#.# #.#
#..####.#######.#
##...............#
#.....##.#########


You could see 2 gnolls.

Vanquished Creatures
  Grinder (D:3)
  Sigmund (D:2)
  A gnoll bouda (D:3)
  An iguana (D:3)
  Terence (D:3)
  8 gnolls
  6 worms (D:2)
  2 dart slugs
  An orc (D:3)
  11 ball pythons
  9 endoplasms
  4 giant cockroaches
  6 goblins
  7 hobgoblins
  6 quokkas
  6 bats
  2 frilled lizards
  5 kobolds
  4 rats
82 creatures vanquished.

Notes
Turn   | Place    | Note
-------+----------+-------------------------------------------
     0 | D:1      | Asher535 the Hill Orc Fighter began the quest for the Orb.
     0 | D:1      | Reached XP level 1. HP: 19/19 MP: 1/1
   165 | D:1      | Reached skill level 3 in Axes
   165 | D:1      | Reached XP level 2. HP: 15/27 MP: 2/2
   360 | D:1      | Reached XP level 3. HP: 29/33 MP: 3/3
  1198 | D:2      | Noticed Sigmund
  1204 | D:2      | Killed Sigmund
  1205 | D:2      | Reached skill level 4 in Axes
  1205 | D:2      | Reached XP level 4. HP: 41/41 MP: 4/4
  1205 | D:2      | Reached XP level 5. HP: 47/47 MP: 5/5
  1309 | D:2      | Reached XP level 6. HP: 55/55 MP: 6/6
  1925 | D:2      | Found Moggehur's Weapon Emporium.
  1985 | D:2      | Reached skill level 5 in Fighting
  2096 | D:3      | Reached skill level 5 in Axes
  2208 | D:3      | Noticed Grinder
  2365 | D:3      | Paralysed by Grinder for 3 turns
  2373 | D:3      | Paralysed by Grinder for 3 turns
  2376 | D:3      | Killed Grinder
  2377 | D:3      | Reached skill level 5 in Armour
  2377 | D:3      | Reached skill level 5 in Shields
  2377 | D:3      | Reached XP level 7. HP: 22/61 MP: 7/7
  2843 | D:3      | Reached skill level 6 in Axes
  2998 | D:3      | Noticed Terence
  3008 | D:3      | Killed Terence
  3287 | D:3      | Slain by a gnoll

Illustrated notes

Levels and vault maps discovered:
D:1:      lightli_arrival_maybe_door_vault, layout_basic, skrybe_limestone_x
D:2:      layout_basic, serial_shops, nicolae_shop_trees,
          kennysheep_generic_room_13, uniq_sigmund
D:3:      layout_loops_corners, uniq_terence, uniq_crazy_yiuf_cottage,
          uniq_grinder

Skill      XL: |  1  2  3  4  5  6  7 |
---------------+----------------------+-----
Axes           | 3 4 5 6 |  6.4
Fighting       | 4 5 |  5.6
Armour         | 4 5 |  5.2
Shields        | 4 5 |  5.2

Action                   |  1- 3 |  4- 6 |  7- 9 || total
-------------------------+-------+-------+-------++-------
Melee: War axe           |    95 |    79 |    47 ||   221
  Use: Potion            |     1 |     1 |     1 ||     3
Armor: Scale mail        |    53 |    41 |    19 ||   113
Dodge: Dodged            |    45 |    32 |    23 ||   100
Block: Buckler           |    22 |    14 |    19 ||    55

Table legend: (Time is in decaauts)
 A = Elapsed time spent in this place.
 B = Non-inter-level travel time spent in this place.
 C = Inter-level travel time spent in this place.
 D = Time resting spent in this place.
 E = Time spent auto-exploring this place.
 F = Levels seen in this place.
 G = Mean time per level.
                   A        B        C        D        E       F      G
               +--------+--------+--------+--------+--------+-----+--------+
         Total |   3357 |   3330 |     27 |      0 |   2728 |   3 | 1119.0 |
       Dungeon |   3357 |   3330 |     27 |      0 |   2728 |   3 | 1119.0 |
               +--------+--------+--------+--------+--------+-----+--------+

Top non-repeatable levels by time:
     D:1: 1223 daAuts
     D:3: 1175 daAuts
     D:2: 958 daAuts
